Map: Dusk Towers

Players

Pokebunny

  • Race: Terran Terran
  • League: Grandmaster

void - Winner!

  • Race: Zerg Zerg
  • League: Master

VOD

Have the link to the VOD?

Description

Time

  • Played on: April 5, 2016, 12:27 a.m.
  • Length: 6:08
Show
View Real Time Build Order
Export as new Build Order

Pokebunny Terran 

Build Orders: Liberator Opening, Reaper Expand 

Get SALT Encoding   

  12  0:00  SCV  
  13  0:13  SCV  
  14  0:18  Supply Depot  
  14  0:25  SCV  
  15  0:39  SCV  
  15  0:41  Barracks  
  16  0:46  Refinery  
  16  0:51  SCV  
  17  1:03  SCV  
  18  1:16  SCV  
  19  1:28  Orbital Command  
  19  1:29  Reaper  
  20  1:38  Command Center  
  20  1:53  Supply Depot, SCV  
  21  2:01  Marine  
  21  2:05  SCV  
  23  2:16  Refinery  
  23  2:17  Factory, SCV  
  24  2:24  Barracks Reactor  
  25  2:30  SCV  
  25  2:45  SCV  
  25  2:50  Orbital Command  
  26  2:57  Command Center, SCV  
  27  3:04  Starport  
  27  3:09  Hellion  
  29  3:13  Hellion  
  29  3:15  SCV  
  29  3:17  SCV  
  33  3:20  Barracks Tech Lab  
  33  3:23  Liberator  
  33  3:35  Hellion x2  
  33  3:38  SCV x2  
  42  3:47  Supply Depot  
  41  3:59  Marine  
  42  4:03  Stimpack  
  42  4:08  Barracks, SCV x2  
  44  4:10  Barracks, Factory Reactor  
  44  4:13  Orbital Command  
  44  4:18  Marine  
  44  4:24  Starport Reactor  
  45  4:27  Refinery, SCV x2  
  45  4:28  Refinery  
  47  4:37  Engineering Bay  
  47  4:38  Engineering Bay  
  47  4:39  SCV  
  47  4:41  SCV  
  47  4:43  SCV  
  50  4:46  Marine  
  50  4:52  SCV  
  52  4:53  SCV  
  52  4:55  SCV  
  52  4:56  Factory Tech Lab  
  54  5:00  Marine x2  
  54  5:04  Marine  
  54  5:07  Marine x2  
  57  5:09  SCV  
  57  5:10  SCV  
  57  5:11  SCV  
  62  5:17  Siege Tank  
  62  5:20  Marine x2  
  67  5:21  SCV  
  67  5:26  SCV x2  
  62  5:29  Marine x3  
  62  5:31  Medivac x2  
  69  5:52  SCV  
  69  5:54  Supply Depot  
  69  5:59  Supply Depot  
  69  6:00  Supply Depot  
Show
View Real Time Build Order
Export as new Build Order

void Zerg - Winner!

Build Orders: Hatch First 

Get SALT Encoding   

  12  0:02  Drone  
  13  0:13  Overlord  
  13  0:18  Drone  
  14  0:31  Drone x2  
  16  0:37  Drone  
  17  0:53  Hatchery  
  17  0:56  Drone  
  17  1:03  Drone  
  18  1:15  Drone  
  18  1:17  Extractor  
  18  1:19  Spawning Pool  
  18  1:20  Drone  
  18  1:31  Drone  
  19  1:51  Overlord  
  19  1:58  Drone  
  20  2:06  Queen  
  20  2:07  Queen  
  24  2:08  Zergling x2  
  24  2:09  Zergling x2  
  24  2:15  Drone  
  27  2:25  Drone  
  27  2:26  Drone  
  27  2:29  Metabolic Boost  
  28  2:48  Queen  
  28  2:49  Queen  
  28  2:50  Overlord x2  
  32  2:51  Drone  
  32  2:52  Drone  
  34  3:05  Drone x2  
  36  3:06  Overlord  
  36  3:09  Drone  
  36  3:12  Drone  
  38  3:18  Drone x5  
  43  3:21  Drone  
  44  3:27  Spore Crawler  
  44  3:29  Zergling x4  
  46  3:46  Zergling x4  
  46  3:47  Zergling x2  
  48  3:56  Hatchery  
  48  3:58  Baneling Nest  
  48  3:59  Zergling x2, Drone x2, Spore Crawler  
  48  4:00  Zergling x4  
  48  4:05  Zergling x4  
  48  4:07  Queen  
  52  4:15  Overlord  
  52  4:18  Drone  
  52  4:20  Zergling x2  
  52  4:22  Zergling x2  
  52  4:24  Queen  
  55  4:28  Zergling x2  
  55  4:30  Zergling x4  
  60  4:33  Overlord  
  60  4:34  Zergling x4  
  60  4:36  Zergling x2  
  60  4:38  Zergling x2  
  64  4:44  Overlord  
  64  4:47  Overlord  
  64  5:01  Zergling x2  
  64  5:02  Zergling x12  
  64  5:05  Zergling x2  
  72  5:10  Zergling x4  
  74  5:17  Zergling x2  
  75  5:25  Zergling x10  
  78  5:29  Zergling x4  
  80  5:36  Baneling  
  80  5:37  Baneling x12  
  80  5:39  Baneling x2  
  80  5:42  Baneling  
  80  5:43  Baneling x2  
  80  5:49  Zergling x8  
  78  5:50  Zergling x2  
  78  5:53  Baneling  
Tags
 
Add a new tag
Caveats
  • Supply blocks, unpowered buildings, or Contaminate may cause inaccurate times.
  • Supply counts are checked every 10 seconds.